AoeStats
← rod_serling

Migration

509680078Analyzed
1v1 RM · 5d ago on Sep 27, 2026· 23m 55s· 2 players
Game mode
Random Map
Map size
132×132
Population
200
Speed
Normal
Resources
Standard
Victory
Conquest
Starting age
Dark Age
Ending age
Imperial Age
RankedLock teamsTeams togetherTeam positionsShared explorationLock speedFull tech treeHidden civsTurbo modeCheats
Victory
Defeat
🇦🇷 Persians · Argentina
1299
+15
🇦🇷 Italians · Argentina
1282
-15
mtanke
6:26 Loom
9:45 Feudal Age
10:31 Double-Bit Axe
22:02 Castle Age
22:58 Medium Warships
rod_serling
2:10 Loom
12:41 Feudal Age
13:12 Town Watch
13:12 Double-Bit Axe
14:25 Gold Mining
21:31 Castle Age
19:45 Fletching
22:11 Medium Warships
21:53 Fishing Lines
22:46 Bow Saw
23:08 Bodkin Arrow
23:34 Ballistics
24:37 Clinker Construction
Connection lost

Rejoining the realm…

Still unreachable

The connection could not be restored.

Session expired

The server has moved on; the page needs a fresh start.